 Dungeon Crawl Stone Soup version 0.16-a0-3661-g910cf96 (webtiles) character file.

24032 PolkaDot the Martial Artist (level 12, -12/88 HPs)
             Began as a Grey Draconian Monk on Jan 17, 2015.
             Was an Elder of Qazlal.
             Mangled by a queen bee (17 damage)
             ... on level 14 of the Dungeon.
             The game lasted 00:48:09 (12862 turns).

PolkaDot the Martial Artist (Grey Draconian Monk)  Turns: 12862, Time: 00:48:09

Health: -12/88     AC: 16    Str: 16    XL:     12   Next: 77%
Magic:  6/25       EV: 18    Int: 15    God:    Qazlal [****..]
Gold:   789        SH:  5    Dex: 15    Spells: 0 memorised, 11 levels left

rFire  + . .     SeeInvis .       - Unarmed
rCold  x . .     Clarity  +     (armour unavailable)
rNeg   + + .     SustAb   .     (no shield)
rPois  .         Gourm    .     (helmet restricted)
rElec  +         Spirit   .     w - +0 cloak
rCorr  .         Warding  +     D - +0 pair of gloves {Str+3}
rMut   .         Stasis   .     t - +0 pair of boots
MR     .....                    r - amulet of warding
Stlth  +.........               y - ring of fire
                                a - ring of positive energy

@: repel missiles, not resistant to hostile enchantments, very unstealthy
A: walk through water, unfitting armour, antennae 1, hooves 1, blurry vision 1,
clarity, frail 2, screaming 1, electricity resistance, spit poison 1, wild magic
1, unbreathing, cold-blooded, AC +13
a: Spit Poison, Upheaval, Elemental Force, Renounce Religion


You were on level 14 of the Dungeon.
You worshipped Qazlal.
Qazlal was greatly pleased with you.
You were not hungry.

You visited 1 branch of the dungeon, and saw 14 of its levels.
You also visited: Bailey.

You collected 789 gold pieces.

Inventory:

Armour
 t - a +0 pair of boots (worn)
 w - a +0 cloak (worn)
 D - a +0 pair of gloves of strength (worn)
Jewellery
 a - a ring of positive energy (left hand)
 k - an uncursed ring of wizardry
 r - an amulet of warding (around neck)
 y - a ring of fire (right hand)
Magical devices
 s - a wand of magic darts (25)
 A - a wand of magic darts (28)
 E - a wand of draining (0)
 F - a wand of fireball (8)
 G - a wand of confusion (35)
 N - a wand of cold (5)
Scrolls
 h - 4 scrolls of remove curse
 j - 3 scrolls of amnesia
 l - a scroll of fog
 m - 2 scrolls of recharging
 p - 2 scrolls of enchant armour
 B - 3 scrolls of teleportation
 I - 3 scrolls of identify
 L - a scroll of silence {unknown}
Potions
 d - 2 potions of restore abilities
 e - 2 potions of cancellation
 z - 2 potions of flight
 C - a potion of magic
Books
 f - a book of Alchemy

   Spells                             Type                      Level
   a - Sublimation of Blood           Necromancy                   2
   b - Alistair's Intoxication        Transmutation/Poison         4
   c - Condensation Shield            Ice                          4
   d - Petrify                        Transmutation/Earth          4
   e - Ignite Poison                  Fire/Transmutation           5
   f - Irradiate                      Conjuration/Transmutation    5
 n - a book of Flames

   Spells                             Type                      Level
   a - Flame Tongue                   Conjuration/Fire             1
   b - Throw Flame                    Conjuration/Fire             2
   c - Conjure Flame                  Conjuration/Fire             3
   d - Inner Flame                    Hexes/Fire                   3
   e - Sticky Flame                   Conjuration/Fire             4
   f - Fireball                       Conjuration/Fire             5
Miscellaneous
 K - a phial of floods (inert)
Comestibles
 b - 8 bread rations
 c - 5 meat rations
 g - a royal jelly
 i - 4 fruits
 o - 2 beef jerkies
 q - 2 chunks of flesh


   Skills:
 + Level 11.3 Fighting
 + Level 9.6 Dodging
 - Level 1.7 Stealth
 * Level 13.9 Unarmed Combat
 - Level 10.2 Invocations


You had 11 spell levels left.
You didn't know any spells.

Dungeon Overview and Level Annotations

Branches:
Dungeon (14/15)            Temple (0/1) D:4            Lair (0/8) D:9
    Orc (0/4) D:9          Vaults (0/5) D:13

Altars:
Ashenzari
Makhleb
Qazlal
Vehumet

Annotations:
D:13 Donald, Norris


Innate Abilities, Weirdness & Mutations

You can walk through water.
Your dull iron-grey scales are very hard (AC +13).
Your body does not fit into most forms of armour.
You can survive without breathing.
Your cold-blooded metabolism reacts poorly to cold.
You have a pair of small antennae on your head.
You have large cloven feet.
Scrolls take you a little longer to read.
You possess an exceptional clarity of mind.
You are very frail (-20% HP).
You occasionally shout uncontrollably at your foes.
You are resistant to electric shocks.
You can spit poison.
Your spells are a little harder to cast, but a little more powerful.


Message History

The killer bee is severely wounded.
The killer bee is flash-frozen.
The blast of rubble hits the killer bee.
You kill the killer bee!
Qazlal accepts your kill.
* * * LOW MAGIC WARNING * * *
You can no longer call upon nature's wrath in a wide area around you.
A queen bee comes into view.
There are monsters nearby!
A queen bee comes into view.
You see here a killer bee corpse.
Read which item? (? for menu, Esc to quit)
You begin reading the scroll.
You continue reading the scroll.
As you read the scroll of immolation, it crumbles to dust.
The creatures around you are filled with an inner flame!
Read which item? (? for menu, Esc to quit)
You block the queen bee's attack.
You begin reading the scroll.
You continue reading the scroll.
The queen bee stings you!
You die...

#### ≈.# #y#
#@# #y# #.#
###.# #<.≈#
#....≈#
#.......#
....≈.≈...#
#...≈≈≈..y..#


You could see a queen bee (inner flame) and a killer bee (inner flame).

Vanquished Creatures
  The ghost of PolkaDot the Martial Artist, a powerful DrMo of Okawaru (D:10)
  A hydra (D:12)
  A catoblepas (D:13)
  3 hill giants
  4 ugly things
  An orc knight (D:13)
  A manticore (D:11)
  A cyclops (D:11)
  A griffon (D:13)
  A centaur skeleton (D:12)
  A fire drake (D:9)
  A troll (D:13)
  A deep elf mage (D:11)
  A wyvern (D:11)
  A basilisk (D:11)
  A trapdoor spider (D:11)
  8 yaks
  3 hippogriffs
  A wraith (D:12)
  13 humans (D:13)
  2 wargs (D:13)
  2 hungry ghosts
  Edmund (D:4)
  A water moccasin (D:5)
  3 black bears
  5 ogres
  An eye of draining (D:10)
  9 orc warriors
  3 ice beasts
  2 necrophages
  2 phantoms
  The ghost of Tyryt0 the Covered, an average DsFi (D:3)
  4 sky beasts
  5 centaurs
  Duvessa (D:9)
  12 giant frogs
  A wyvern zombie (D:12)
  A wyvern skeleton (D:6)
  4 scorpions
  3 wights (D:10)
  3 killer bees (D:14)
  The ghost of Tyryt0 the Magician, a weakling DgWz (D:4)
  4 jellies
  A centaur zombie (D:8)
  2 goliath beetles
  Dowan (D:9)
  6 hounds
  A giant frog zombie (D:5)
  4 crimson imps
  12 orc priests
  2 quasits (D:12)
  2 giant frog skeletons
  7 worker ants
  3 iguanas
  17 orc wizards
  A statue (D:8)
  4 sheep (D:11)
  Ijyb (D:3)
  A killer bee zombie (D:10)
  A hound skeleton (D:4)
  2 hound zombies
  14 adders
  22 gnolls
  3 shadow imps
  4 giant mites
  An adder zombie (D:7)
  3 giant geckos
  An ooze (D:4)
  68 orcs
  2 bat skeletons
  A bat zombie (D:7)
  7 giant cockroaches
  15 goblins
  27 hobgoblins
  32 kobolds
  2 quokkas
  2 ball pythons
  13 bats
  A giant cockroach zombie (D:6)
  3 giant gecko skeletons
  A giant newt (D:2)
  3 jackals (D:2)
  2 quokka skeletons
  22 rats
  2 ballistomycetes (D:7)
436 creatures vanquished.

Vanquished Creatures (others)
  A giant spore (D:7)
1 creature vanquished.

Grand Total: 437 creatures vanquished

Notes
Turn   | Place    | Note
--------------------------------------------------------------
     0 | D:1      | PolkaDot, the Draconian Monk, began the quest for the Orb.
     0 | D:1      | Reached XP level 1. HP: 19/19 MP: 1/1
   185 | D:1      | Reached XP level 2. HP: 26/26 MP: 2/2
   436 | D:1      | Reached XP level 3. HP: 12/33 MP: 3/3
  1037 | D:2      | Reached XP level 4. HP: 32/40 MP: 4/4
  1439 | D:2      | Found a stormy altar of Qazlal.
  1472 | D:2      | Became a worshipper of Qazlal Stormbringer
  1472 | D:2      | Acquired Qazlal's first power
  1472 | D:2      | Acquired Qazlal's second power
  1564 | D:3      | Noticed Tyryt0's ghost (average DsFi)
  1573 | D:3      | Killed Tyryt0's ghost
  1573 | D:3      | Reached skill level 5 in Unarmed Combat
  1573 | D:3      | Reached XP level 5. HP: 41/47 MP: 5/5
  1749 | D:3      | Found a burning altar of Makhleb.
  1749 | D:3      | Noticed a cacodemon
  1753 | D:3      | Noticed a smoke demon
  1753 | D:3      | Noticed a hellwing
  1817 | D:3      | Gained mutation: Scrolls take you a little longer to read. [potion of mutation]
  1817 | D:3      | Gained mutation: You possess an exceptional clarity of mind. [potion of mutation]
  1817 | D:3      | Gained mutation: You occasionally shout uncontrollably at your foes. [potion of mutation]
  1838 | D:3      | Noticed Ijyb
  2146 | D:3      | Killed Ijyb
  2763 | D:3      | Reached XP level 6. HP: 53/53 MP: 6/6
  3050 | D:3      | Reached skill level 6 in Unarmed Combat
  3215 | D:4      | Reached skill level 5 in Fighting
  3233 | D:4      | Noticed Tyryt0's ghost (weakling DgWz)
  3250 | D:4      | Killed Tyryt0's ghost
  3304 | D:4      | Noticed Edmund
  3676 | D:4      | Killed Edmund
  3676 | D:4      | Your scales start taking on a dull iron-grey colour.
  3676 | D:4      | Gained mutation: You can survive without breathing. [draconian maturity]
  3676 | D:4      | Reached XP level 7. HP: 14/61 MP: 7/7
  4012 | D:4      | Found a staircase to the Ecumenical Temple.
  4333 | D:5      | Entered Level 5 of the Dungeon
  4373 | D:5      | Reached skill level 7 in Unarmed Combat
  4586 | D:5      | Gained mutation: You are resistant to electric shocks. [potion of beneficial mutation]
  4609 | D:5      | Acquired Qazlal's third power
  4728 | D:5      | Reached skill level 5 in Dodging
  5023 | D:6      | Reached XP level 8. HP: 70/70 MP: 8/8
  5071 | D:6      | Gained mutation: You have a pair of small antennae on your head. [potion of mutation]
  5071 | D:6      | Gained mutation: You have large cloven feet. [potion of mutation]
  5417 | D:6      | Reached skill level 8 in Unarmed Combat
  5610 | D:6      | Gained mutation: You are frail (-10% HP). [mutagenic meat]
  5611 | D:6      | Gained mutation: You are very frail (-20% HP). [mutagenic meat]
  6196 | D:7      | Acquired Qazlal's fourth power
  6395 | D:7      | Reached skill level 9 in Unarmed Combat
  6479 | D:7      | Reached XP level 9. HP: 60/63 MP: 9/9
  7114 | D:8      | Found a radiant altar of Vehumet.
  7162 | D:8      | Found a shattered altar of Ashenzari.
  7514 | D:8      | Reached skill level 10 in Unarmed Combat
  7604 | D:9      | Noticed Dowan
  7608 | D:9      | Noticed Duvessa
  7626 | D:9      | Killed Duvessa
  7628 | D:9      | Killed Dowan
  7708 | D:9      | Acquired Qazlal's fifth power
  8045 | D:9      | Noticed a fire drake
  8062 | D:9      | Killed a fire drake
  8089 | D:9      | Found a flagged portal.
  8097 | D:9      | Reached XP level 10. HP: 38/72 MP: 10/10
  8206 | Bailey   | Entered a bailey
  8591 | D:9      | Reached skill level 11 in Unarmed Combat
  8692 | D:9      | Found a staircase to the Lair.
  8721 | D:9      | Got a steaming rapier {freeze}
  8722 | D:9      | Identified the +12 rapier "Smurghoa" {freeze, +Inv} (You took it off a centaur on level 9 of the Dungeon)
  9109 | D:9      | Found a staircase to the Orcish Mines.
  9279 | D:9      | Reached skill level 10 in Invocations
  9279 | D:9      | Reached XP level 11. HP: 77/77 MP: 10/25
  9407 | D:10     | Entered Level 10 of the Dungeon
  9413 | D:10     | Noticed PolkaDot's ghost (powerful DrMo)
  9432 | D:10     | Killed PolkaDot's ghost
  9680 | D:10     | Noticed a hill giant
  9683 | D:10     | Gained mutation: You can spit poison. [potion of mutation]
  9683 | D:10     | Gained mutation: Your spells are a little harder to cast, but a little more powerful. [potion of mutation]
  9689 | D:10     | Killed a hill giant
  9689 | D:10     | Reached skill level 12 in Unarmed Combat
  9824 | D:10     | Noticed a hill giant
  9843 | D:10     | Killed a hill giant
  9909 | D:10     | Found a stormy altar of Qazlal.
 10305 | D:11     | Reached skill level 10 in Fighting
 10595 | D:11     | Reached XP level 12. HP: 78/84 MP: 25/25
 11281 | D:12     | Noticed a six-headed hydra
 11290 | D:12     | Killed a six-headed hydra
 11290 | D:12     | Reached skill level 13 in Unarmed Combat
 12079 | D:13     | Found a gate to the Vaults.
 12079 | D:13     | Noticed Donald
 12079 | D:13     | Noticed Norris
 12082 | D:13     | Paralysed by Norris for 3 turns
 12086 | D:13     | HP: 1/86 [Norris/battleaxe (7)]
 12609 | D:13     | HP: 3/88 [orc priest/divine providence (12)]
 12834 | D:13     | HP: 2/88 [Norris/battleaxe (37)]
 12850 | D:14     | HP: 2/88 [killer bee (4)]
 12862 | D:14     | Mangled by a queen bee

Action                   |  1- 3 |  4- 6 |  7- 9 | 10-12 || total
-------------------------+-------+-------+-------+-------++-------
Melee: Unarmed           |   111 |   288 |   595 |   605 ||  1599
Invok: Upheaval          |       |       |     1 |     3 ||     4
       Disaster Area     |       |       |       |     4 ||     4
 Abil: Spit Poison       |       |       |       |     1 ||     1
Evoke: Phial of floods   |       |       |       |     1 ||     1
  Use: Potion            |       |     5 |     5 |    14 ||    24
       Scroll            |       |     6 |    13 |     7 ||    26
 Stab: Sleeping          |     2 |     1 |       |       ||     3
  Eat: Chunk             |       |     9 |     7 |    18 ||    34
       Meat ration       |       |       |     1 |       ||     1
       Bread ration      |       |       |     1 |       ||     1
